 Dungeon Crawl Stone Soup version 0.22-a0-369-gc73351f (webtiles) character file.

17 iamserjio the Sneak (level 2, -1/14 HPs)
             Began as a Vine Stalker Enchanter on Apr 24, 2018.
             Killed from afar by Sigmund (4 damage)
             ... with a magic dart
             ... on level 2 of the Dungeon.
             The game lasted 00:01:47 (638 turns).

iamserjio the Sneak (Vine Stalker Enchanter)         Turns: 638, Time: 00:01:48

Health: -1/14      AC:  2    Str: 10    XL:     2   Next: 62%
Magic:  0/6        EV: 12    Int: 15    God:
Gold:   54         SH:  0    Dex: 14    Spells: 4/5 levels left

rFire    . . .     SeeInvis .   a - +1 dagger
rCold    . . .     Gourm    .   (no shield)
rNeg     . . .     Faith    .   b - +0 robe
rPois    .         Spirit   +   (no helmet)
rElec    .         Reflect  .   (no cloak)
rCorr    .         Harm     .   (no gloves)
MR       .....                  (no boots)
Stlth    ++........             (no amulet)
HPRegen  0.04/turn              (no ring)
MPRegen  0.10/turn              (no ring)

@: no status effects
A: fangs 2, magic shield, antimagic bite, no potion heal 3, rot immunity
a: no special abilities


You were on level 2 of the Dungeon.
You were not hungry.

You visited 1 branch of the dungeon, and saw 2 of its levels.

You collected 54 gold pieces.

Inventory:

Hand Weapons
 a - a +1 dagger (weapon)
Armour
 b - a +0 robe (worn)
 l - a +2 leather armour of poison resistance
 m - a +2 buckler
Scrolls
 c - 2 scrolls of fear {unknown}
 e - 2 scrolls of amnesia {unknown}
 f - 3 scrolls of teleportation {unknown}
 g - a scroll of immolation {unknown}
 h - a scroll of enchant weapon {unknown}
 i - 2 scrolls of identify {unknown}
 j - 4 scrolls of remove curse {unknown}
Potions
 k - a potion of degeneration {unknown}
 n - a potion of agility {unknown}
Comestibles
 d - 2 rations


   Skills:
 + Level 0.4 Fighting
 * Level 1.3 Short Blades
 + Level 1.6 Dodging
 - Level 3.6 Stealth
 + Level 2.4 Spellcasting
 * Level 3.3 Hexes


You had 4 spell levels left.
You knew the following spells:

 Your Spells              Type           Power        Failure   Level  Hunger
a - Corona                Hex            ##.....      5%          1    #......


Dungeon Overview and Level Annotations

Branches:
Dungeon (2/15)

Altars:

Annotations:
D:2 Sigmund


Innate Abilities, Weirdness & Mutations

You have extremely sharp teeth.
When hurt, damage is shared between your health and your magic reserves.
Your bite disrupts and absorbs the magic of your enemies.
Potions cannot restore your health.
You are immune to rotting.


Message History

Casting: Corona (safe; 5% risk of failure)
Confirm with . or Enter, or press ? or * to list all spells.
Aiming: Corona (safe; 5% risk of failure)
Press: ? - help, Shift-Dir - straight line, f - Sigmund
Aim: Sigmund, wielding a scythe and wearing a robe (moderately wounded, chance to defeat MR: 55%) Sigmund is outlined in light.
Sigmund hits you with a scythe.
* * * LOW HITPOINT WARNING * * *
You hit Sigmund but do no damage. You bite Sigmund.
Sigmund's magic leaks into the air.
You drain his magic.
You feel invigorated.
Sigmund is heavily wounded.
You hit Sigmund but do no damage.
Sigmund is heavily wounded.
Sigmund closely misses you.
You hit Sigmund.
Sigmund is heavily wounded.
Sigmund closely misses you.
Sigmund stops glowing.
Sigmund falters for a moment.
Sigmund points at you and mumbles some strange words.
The magic dart hits you!
You die...

.# .# .# .#
############ ##.###.##
...........#+#####
#........
########.........#
#........ #.........#
#........
#........@#####........
###+#.........@........
#....#####.........
######
#..#.##....#.......
#....#
#.......#..#.#####.
#....# ##...##.#..#.#
#....# #....#########.#
#....# ###.. .#
#....#####..


You could see Sigmund.

Vanquished Creatures
  A dart slug (D:1)
  A giant cockroach (D:1)
  3 goblins (D:1)
  A hobgoblin (D:2)
  3 bats (D:1)
  A frilled lizard (D:1)
  2 kobolds (D:1)
  4 rats (D:1)
16 creatures vanquished.

Notes
Turn   | Place    | Note
-------+----------+-------------------------------------------
     0 | D:1      | iamserjio the Vine Stalker Enchanter began the quest for the Orb.
     0 | D:1      | Reached XP level 1. HP: 9/9 MP: 4/4
    90 | D:1      | Reached skill level 1 in Short Blades
   230 | D:1      | Reached XP level 2. HP: 12/13 MP: 6/6
   617 | D:2      | Noticed Sigmund
   638 | D:2      | Killed from afar by Sigmund

Vault maps used:
D:1:      minmay_arrival_diagonal_passages, minmay_bisected
D:2:      lemuel_round_altar, uniq_crazy_yiuf_cottage, uniq_robin, uniq_terence,
          uniq_sigmund

Skill      XL: |  1 |
---------------+----+-----
Short Blades   | 1 |  1.3
Fighting       | |  0.4
Dodging        | |  1.6
Stealth        | |  3.6
Spellcasting   | |  2.4
Hexes          | |  3.3

Action                   || total
-------------------------++-------
Melee: Dagger            ||    61
       Bite              ||    16
 Cast: Corona            ||     1
 Stab: Sleeping          ||     4
Armor: Robe              ||    12
Dodge: Dodged            ||    35

Table legend:
 A = Spawn XP
 B = Non-spawn XP
 C = Spawn XP percentage of total XP
 D = Spawn monster count
 E = Non-spawn monster count
 F = Spawn count percentage of total count
 G = Total turns spent on level
                    A         B        C        D         E        F      G
               +---------+---------+-------+---------+---------+-------+---------
         Total |       0 |      25 |   0.0 |       0 |      16 |   0.0 |   638
               +---------+---------+-------+---------+---------+-------+---------
           D:1 |       0 |      23 |   0.0 |       0 |      15 |   0.0 |   549
           D:2 |       0 |       2 |   0.0 |       0 |       1 |   0.0 |    89
               +---------+---------+-------+---------+---------+-------+---------
